 Dungeon Crawl Stone Soup version 0.29-a0-121-g8efb068a30 (webtiles) character file.

Game seed: 3394156507955682060

43 cyrus the Shield-Bearer (level 3, -2/30 HPs)
             Began as a Formicid Fighter on Feb 21, 2022.
             Slain by Crazy Yiuf (14 damage)
             ... on level 2 of the Dungeon.
             The game lasted 00:03:24 (1214 turns).

cyrus the Shield-Bearer (Formicid Fighter)          Turns: 1214, Time: 00:03:25

Health: -2/30      AC:  7    Str: 26    XL:     3   Next: 82%
Magic:  0/3        EV:  9    Int:  9    God:
Gold:   151        SH:  4    Dex: 10    Spells: 2/2 levels left

rFire   . . .      SeeInvis +   a - +0 trident
rCold   . . .      Faith    .   c - +0 buckler
rNeg    . . .      Spirit   .   b - +0 scale mail
rPois   .          Reflect  .   (helmet unavailable)
rElec   .          Harm     .   (no cloak)
rCorr   .          Rampage  .   (no gloves)
Will    .....                   (no boots)
Stlth   ..........              g - amulet of regeneration
HPRegen 0.90/turn               j - +6 ring of strength
MPRegen 0.08/turn               (no ring)

@: no status effects
A: permanent stasis, dig shafts and tunnels, antennae 3, four strong arms
a: Dig, Shaft Self


You were on level 2 of the Dungeon.
You visited 1 branch of the dungeon, and saw 2 of its levels.

You collected 151 gold pieces.

Inventory:

Hand Weapons
 a - a +0 trident (weapon)
Armour
 b - a +0 scale mail (worn)
 c - a +0 buckler (worn)
Magical Staves
 i - a staff of poison
Jewellery
 g - an amulet of regeneration (around neck)
 j - a +6 ring of strength (left hand)
Scrolls
 d - a scroll of fear {unknown}
 e - a scroll of teleportation {unknown}
 f - 2 scrolls of identify {unknown}
 k - a scroll of amnesia {unknown}
 l - a scroll of magic mapping {unknown}
Potions
 h - a potion of curing {unknown}


   Skills:
 + Level 3.7 Fighting
 + Level 2.2 Polearms
 + Level 4.0 Armour
 + Level 4.1 Shields


You had 2 spell levels left.
You didn't know any spells.
Your spell library was empty.

Dungeon Overview and Level Annotations

Branches:
Dungeon (2/15)

Altars:

Annotations:
D:2 Crazy Yiuf


Innate Abilities, Weirdness & Mutations

You cannot be hasted, slowed, berserked, paralysed or teleported.
You can dig through walls and to a lower floor.
You have a pair of large antennae on your head. (SInv)
Your four strong arms can wield two-handed weapons with a shield.


Message History

You kill the ball python!
Your Armour skill increases to level 4!
You see here a ball python corpse.
You puncture the fungus!
The fungus begins to die.
The fungus is lightly damaged.
A nearby fungus withers and dies.
Found a mace.
Found a runed translucent door.
You sense a monster nearby.
As you open the door, it creaks loudly!
You hit Crazy Yiuf but do no damage.
Crazy Yiuf hits you with a +2 quarterstaff of chaos!
Crazy Yiuf freezes you.
You hit Crazy Yiuf.
Crazy Yiuf is lightly wounded.
Crazy Yiuf says, "Crazy?
Crazy!?
PORCUPINE!"
Crazy Yiuf barely misses you.
You hit Crazy Yiuf but do no damage.
Crazy Yiuf is lightly wounded.
Crazy Yiuf hits you but does no damage.
You are confused.
You miss Crazy Yiuf.
Crazy Yiuf is lightly wounded.
You feel less confused.
Crazy Yiuf hits you with a +2 quarterstaff of chaos!
You feel your power leaking away. Crazy Yiuf barely misses you.
You puncture Crazy Yiuf!
Crazy Yiuf is heavily wounded.
Crazy Yiuf barely misses you.
You barely miss Crazy Yiuf.
Crazy Yiuf is heavily wounded.
Crazy Yiuf whimpers, "Snurf!"
Crazy Yiuf hits you with a +2 quarterstaff of chaos!
* * * LOW HITPOINT WARNING * * *
Crazy Yiuf freezes you.
* * * LOW HITPOINT WARNING * * *
Crazy Yiuf screams, "Blight!"
Crazy Yiuf says, "Cards hog pontify!"
Crazy Yiuf hits you with a +2 quarterstaff of chaos!
You die...

###.##############.###........#
# #..# ####†...........B ##.#
#....########...# ### ##..##
... # #)## ## # #†## # ###
♣♣##..# # #)..#♣♣ ♣♣P....# #
#...'.♣♣♣♣..†.@.#
#...#♣..♣....g.## ###
♣♣♣.♣.P..## ♣♣♣♣♣###


You could see Crazy Yiuf.

Vanquished Creatures
  Terence (D:2)
  An endoplasm (D:2)
  A goblin (D:1)
  5 hobgoblins
  2 kobolds (D:2)
  A quokka (D:1)
  2 ball pythons (D:2)
  A bat (D:2)
  2 frilled lizards (D:2)
  A bush (D:2)
17 creatures vanquished.

Vanquished Creatures (others)
  2 fungi (D:2)
2 creatures vanquished.

Grand Total: 19 creatures vanquished

Notes
Turn   | Place    | Note
-------+----------+-------------------------------------------
     0 | D:1      | cyrus the Formicid Fighter began the quest for the Orb.
     0 | D:1      | Reached XP level 1. HP: 18/18 MP: 1/1
   541 | D:2      | Noticed Terence
   549 | D:2      | Killed Terence
   550 | D:2      | Reached XP level 2. HP: 25/25 MP: 2/2
   550 | D:2      | Reached XP level 3. HP: 30/30 MP: 3/3
  1192 | D:2      | Found a runed translucent door.
  1193 | D:2      | Noticed Crazy Yiuf
  1214 | D:2      | Slain by Crazy Yiuf

Illustrated notes

Levels and vault maps discovered:
D:1:      minmay_arrival_semitransparent, layout_rooms
D:2:      minmay_chambers_of_twos, layout_rooms, minmay_misc_feat_iff,
          dk_noncrumbling_4, minmay_tromino_v7, uniq_crazy_yiuf_cottage,
          uniq_terence

Skill      XL: |  1  2  3 |
---------------+----------+-----
Shields        | 4 |  4.1
Armour         | 4 |  4.0
Fighting       | |  3.7
Polearms       | |  2.2

Action                   || total
-------------------------++-------
Melee: Trident           ||   143
 Abil: Dig               ||     1
  Use: Potion            ||     1
Armor: Scale mail        ||    38
Dodge: Dodged            ||    45
Block: Buckler           ||    12

Table legend: (Time is in decaauts)
 A = Elapsed time spent in this place.
 B = Non-inter-level travel time spent in this place.
 C = Inter-level travel time spent in this place.
 D = Time resting spent in this place.
 E = Time spent auto-exploring this place.
 F = Levels seen in this place.
 G = Mean time per level.
                   A        B        C        D        E       F      G
               +--------+--------+--------+--------+--------+-----+--------+
         Total |   1243 |   1222 |     21 |    237 |    471 |   2 |  621.5 |
       Dungeon |   1243 |   1222 |     21 |    237 |    471 |   2 |  621.5 |
               +--------+--------+--------+--------+--------+-----+--------+

Top non-repeatable levels by time:
     D:2: 703 daAuts
     D:1: 539 daAuts
